 Dungeon Crawl Stone Soup version 0.30-a0-371-gad7725a93e (webtiles) character file.

Game seed: 18085745843859425699

18821 sanboga the Bludgeoner (level 12, -11/100 HPs)
             Began as a Minotaur Monk on Nov 22, 2022.
             Was a Priest of Hepliaklqana.
             Mangled by a death yak (19 damage)
             ... in an ice cave.
             The game lasted 00:19:46 (12085 turns).

sanboga the Bludgeoner (Minotaur Monk)             Turns: 12085, Time: 00:19:47

Health: -11/100    AC: 23    Str: 20    XL:     12   Next: 31%
Magic:  11/11      EV: 15    Int:  7    God:    Hepliaklqana [***...]
Gold:   562        SH:  0    Dex: 14    Spells: 11/11 levels left

rFire   . . .      SeeInvis .    D - +2 flail
rCold   + . .      Faith    .    (no shield)
rNeg    . . .      Spirit   .    E - +0 plate armour {rC+}
rPois   .          Reflect  .    (helmet restricted)
rElec   .          Harm     .    (no cloak)
rCorr   .          Rampage  +    C - +0 pair of gloves
Will    .....                    v - +1 pair of boots {rampage}
Stlth   ..........               (no amulet)
HPRegen 0.36/turn                i - +4 ring of protection
MPRegen 0.12/turn                j - +4 ring of evasion

@: mighty, studying Dodging, invisible
A: reduced essence, horns 2, retaliatory headbutt
a: Renounce Religion, Recall Ancestor, Ancestor Identity, Transference


You were in an ice cave.
You worshipped Hepliaklqana.
Hepliaklqana was most pleased with you.
You visited 2 branches of the dungeon, and saw 13 of its levels.
You also visited: Ossuary and Ice Cave.

You collected 995 gold pieces.
You spent 433 gold pieces at shops.

Inventory:

Hand Weapons
 D - a +2 flail (weapon)
Armour
 v - a +1 pair of boots of rampaging (worn)
 C - a +0 pair of gloves (worn)
 E - a +0 plate armour of cold resistance (worn)
Jewellery
 b - a ring of protection from fire
 i - a +4 ring of protection (left hand)
 j - a +4 ring of evasion (right hand)
Wands
 k - a wand of flame (40)
 s - a wand of roots (1)
 u - a wand of paralysis (8)
 w - a wand of mindburst (7)
 B - a wand of acid (4)
Scrolls
 a - 2 scrolls of vulnerability {unknown}
 g - a scroll of summoning {unknown}
 l - 4 scrolls of immolation {unknown}
 m - 4 scrolls of fear
 n - 3 scrolls of magic mapping
 t - a scroll of blinking
 x - 3 scrolls of teleportation
 y - a scroll of enchant weapon
Potions
 c - 2 potions of ambrosia
 d - 9 potions of curing
 e - 6 potions of heal wounds
 f - 3 potions of haste
 h - 2 potions of cancellation
 o - 4 potions of might
 r - 2 potions of mutation
 z - 2 potions of flight
 A - a potion of resistance


   Skills:
 + Level 12.0 Fighting
 * Level 16.3 Maces & Flails
 + Level 11.4 Armour
 + Level 11.9 Dodging
 - Level 1.5 Stealth


You had 11 spell levels left.
You didn't know any spells.
Your spell library contained the following spells:

 Spells                   Type           Power      Damage    Failure   Level
 Beastly Appendage        Tmut           0%         N/A       100%        1
 Freeze                   Ice            0%         1d3       100%        1
 Magic Dart               Conj           0%         1d3       100%        1
 Searing Ray              Conj           0%         2d4       100%        2
 Static Discharge         Conj/Air       0%         2-2/arc   100%        2
 Wereblood                Tmut           0%         N/A       100%        2
 Frozen Ramparts          Ice            0%         1d1       100%        3
 Hailstorm                Conj/Ice       0%         3d3       100%        3
 Spider Form              Tmut/Pois      0%         N/A       100%        3
 Tukima's Dance           Hex            0%         N/A       100%        3
 Vhi's Electric Charge    Tloc/Air       0%         N/A       100%        3
 Fulminant Prism          Conj/Hex       0%         3d5       100%        4
 Passage of Golubria      Tloc           0%         N/A       100%        4
 Arcjolt                  Conj/Air       0%         1d10      100%        5
 Lightning Bolt           Conj/Air       0%         1d11      100%        5
 Yara's Violent Unravell  Hex/Tmut       0%         3d3       100%        5
 Chain Lightning          Conj/Air       0%         N/A       100%        9
 Fire Storm               Conj/Fire      0%         5d1       100%        9
 Shatter                  Erth           0%         3d5*      100%        9


Dungeon Overview and Level Annotations

Branches:
Dungeon (12/15)            Temple (1/1) D:6            Lair (0/5) D:10
    Orc (0/2) D:9         Ossuary (visited)           IceCv (1/1)

Altars:
Ashenzari
Cheibriados
Dithmenos
Elyvilon
Fedhas
Gozag
Hepliaklqana
Kikubaaqudgha
Makhleb
Nemelex Xobeh
Okawaru
Qazlal
Ru
Sif Muna
Trog
Uskayaw
Vehumet
Wu Jian
Xom
Yredelemnul
Zin
The Shining One

Shops:
D:5 *   D:11 *


Innate Abilities, Weirdness & Mutations

Your life essence is reduced to manifest your ancestor. (-10% HP)
You have a pair of horns on your head.
You reflexively headbutt those who attack you in melee.


Message History

Sarah is destroyed!
You feel very mighty all of a sudden. The frost giant casts a spell at you.
The bolt of cold hits you. You resist. The death yak gores you!
You fade into invisibility!
The death yak closely misses you.
The frost giant hits you with a +2 battleaxe of freezing!!
The frost giant freezes you.
You sock the frost giant! Your headbutt misses the frost giant.
The frost giant is moderately wounded.
The death yak gores you. The frost giant misses you.
You sock the frost giant!
The frost giant is moderately wounded.
The death yak barely misses you. The frost giant barely misses you.
You sock the frost giant!
The frost giant is heavily wounded.
You hit the frost giant. You headbutt the frost giant.
The frost giant is severely wounded.
The frost giant points at you and mumbles some strange words.
The bolt of cold hits you!! You resist.
You hit the frost giant but do no damage.
You headbutt the frost giant, but do no damage.
The frost giant is severely wounded.
The death yak closely misses you. You furiously retaliate!
You headbutt the death yak!
The frost giant hits you but does no damage.
You thump the frost giant!
You headbutt the frost giant, but do no damage.
The frost giant is severely wounded.
You hit the frost giant. You punch the frost giant.
The frost giant is almost dead.
The frost giant gestures at you while chanting.
The bolt of cold hits you!! You resist.
* * * LOW HITPOINT WARNING * * *
You sock the frost giant!
You headbutt the frost giant, but do no damage.
The frost giant is almost dead.
The death yak snorts and paws the ground.
The death yak gores you!!
You die...

## ##.# ###
#...#### ##.##
[$#...h#.#
##.#.#
#....hY#.##
##.#.##
#CY#.## #.####
##@##.# #..##
#####.##
##...#
##..#.##
##....#
#.....[#
#.....##
##.##.⌠.#
##..#...#
#..##..[#
#..###..##
#.####.####.##
##..# #..#####
#..# ##.#
###...## ##..#
##.#


You could see a frost giant, 2 death yaks and 2 polar bears.

Vanquished Creatures
  Harold (D:11)
  A hydra (D:10)
  A two-headed ogre (D:9)
  An ugly thing (IceCv)
  A cyclops (D:11)
  2 gargoyles
  An ice statue (IceCv)
  A kobold demonologist (D:10)
  2 ice devils (D:12)
  2 trolls
  8 polar bears (IceCv)
  2 hornets
  A vampire (D:9)
  A wraith (D:11)
  A wyvern (D:8)
  15 yaks (IceCv)
  4 vampire mosquitoes (D:8)
  2 acid dragons
  3 water moccasins
  2 ice beasts
  2 sky beasts (D:7)
  2 black bears (D:6)
  3 orc warriors
  2 ogres
  11 wolves (IceCv)
  4 centaurs
  A lemure (D:9)
  6 kobold brigands
  Blork the orc (D:4)
  2 bullfrogs
  2 necrophages (D:6)
  A gnoll sergeant (D:11)
  2 scorpions (D:6)
  14 wights
  5 killer bees (D:9)
  4 howler monkeys
  6 hounds
  3 orc priests
  4 orc wizards
  5 iguanas
  9 mummies
  10 gnolls
  7 adders
  A white imp (D:5)
  3 ufetubi
  4 worms
  A dart slug (D:3)
  34 orcs
  6 endoplasms
  6 giant cockroaches
  4 goblins
  6 hobgoblins
  2 jackals (D:4)
  5 quokkas
  8 ball pythons
  5 bats
  A frilled lizard (D:1)
  2 gnoll zombies (Ossuary)
  3 hobgoblin zombies (Ossuary)
  18 kobolds
  A kobold zombie (Ossuary)
  2 orc zombies (Ossuary)
  6 rats
276 creatures vanquished.

Vanquished Creatures (collateral kills)
  A two-headed ogre (D:11)
  A death yak (IceCv)
  Pikel (D:9)
  A cyclops (D:12)
  A troll (D:12)
  A polar bear (IceCv)
  3 yaks (IceCv)
  2 orc warriors
  A wolf (IceCv)
  A wight (D:10)
  3 howler monkeys
  An orc priest (D:8)
  2 orc wizards
  A gnoll (D:11)
  3 orcs (D:9)
23 creatures vanquished.

Vanquished Creatures (others)
  5 hexers
5 creatures vanquished.

Grand Total: 304 creatures vanquished

Notes
Turn   | Place    | Note
-------+----------+-------------------------------------------
     0 | D:1      | sanboga the Minotaur Monk began the quest for the Orb.
     0 | D:1      | Reached XP level 1. HP: 19/19 MP: 0/0
    94 | D:1      | Reached skill level 4 in Maces & Flails
   169 | D:1      | Reached XP level 2. HP: 27/27 MP: 1/1
   279 | D:1      | Reached skill level 1 in Armour
   739 | D:2      | Reached XP level 3. HP: 33/33 MP: 2/2
  1671 | D:3      | Found a shimmering altar of Xom.
  1685 | D:3      | Reached skill level 5 in Maces & Flails
  1685 | D:3      | Reached XP level 4. HP: 32/40 MP: 3/3
  1788 | D:3      | Found a broken altar of Ashenzari.
  2018 | D:3      | Found a glowing golden altar of the Shining One.
  2393 | D:4      | Noticed Blork the orc
  2407 | D:4      | Killed Blork the orc
  2408 | D:4      | Reached XP level 5. HP: 20/47 MP: 4/4
  2518 | D:4      | Found an iron altar of Okawaru.
  2594 | D:4      | Found a sand-covered staircase.
  2610 | Ossuary  | Entered an ossuary
  2713 | Ossuary  | Reached skill level 6 in Maces & Flails
  2749 | Ossuary  | Reached skill level 5 in Fighting
  2847 | Ossuary  | Reached XP level 6. HP: 56/56 MP: 5/5
  3107 | D:4      | Found a snail-covered altar of Cheibriados.
  3602 | D:4      | Found an ornate altar of the Wu Jian Council.
  3872 | D:5      | Entered Level 5 of the Dungeon
  3887 | D:5      | Found a radiant altar of Vehumet.
  4062 | D:5      | Reached skill level 7 in Maces & Flails
  4363 | D:5      | Reached XP level 7. HP: 58/62 MP: 6/6
  4392 | D:5      | Found Rulirax's Assorted Antiques.
  4400 | D:5      | Bought a potion of heal wounds for 110 gold pieces
  4400 | D:5      | Bought a scroll of enchant weapon for 165 gold pieces
  4400 | D:5      | Bought a potion of heal wounds for 110 gold pieces
  4400 | D:5      | Bought a green potion for 19 gold pieces
  4546 | D:5      | Found a shadowy altar of Dithmenos.
  4886 | D:6      | Found a staircase to the Ecumenical Temple.
  5029 | Temple   | Entered the Ecumenical Temple
  5181 | D:5      | Reached skill level 8 in Maces & Flails
  5444 | D:6      | Reached skill level 5 in Armour
  5478 | D:6      | Reached XP level 8. HP: 28/71 MP: 7/7
  5625 | D:6      | Reached skill level 9 in Maces & Flails
  5849 | D:6      | Noticed a hornet
  5862 | D:6      | Killed a hornet
  5863 | D:6      | Reached skill level 10 in Maces & Flails
  5979 | D:6      | Reached XP level 9. HP: 81/81 MP: 8/8
  6147 | D:7      | Reached skill level 11 in Maces & Flails
  6185 | D:7      | Identified a scroll of acquirement
  6186 | D:7      | Acquired a manual of Dodging
  6816 | D:8      | Reached skill level 5 in Dodging
  6824 | D:8      | Reached skill level 12 in Maces & Flails
  7241 | D:8      | Noticed a troll
  7260 | D:7      | Killed a troll
  7324 | D:8      | Found a sparkling altar of Nemelex Xobeh.
  7325 | D:8      | Found an ancient bone altar of Kikubaaqudgha.
  7326 | D:8      | Found a hazy altar of Hepliaklqana.
  7327 | D:8      | Found an opulent altar of Gozag.
  7334 | D:8      | Became a worshipper of Hepliaklqana the Forgotten
  7334 | D:8      | Reached * piety under Hepliaklqana
  7334 | D:8      | Reached ** piety under Hepliaklqana
  7335 | D:8      | Remembered your ancestor Sarah as a hexer
  7393 | D:8      | Reached XP level 10. HP: 78/81 MP: 9/9
  7733 | D:9      | Noticed a two-headed ogre
  7745 | D:9      | Killed a two-headed ogre
  7838 | D:9      | Found a staircase to the Orcish Mines.
  7942 | D:9      | Reached skill level 13 in Maces & Flails
  7982 | D:9      | Identified the +1 robe of Fedhas, Bespelling {Will+ Regen+
                  | Stlth+}
  8502 | D:9      | Noticed Pikel
  8512 | D:9      | Killed Pikel
  8513 | D:9      | Reached skill level 10 in Fighting
  8713 | D:10     | Entered Level 10 of the Dungeon
  8759 | D:10     | Noticed a gargoyle
  8769 | D:10     | Killed a gargoyle
  8867 | D:10     | Noticed an eight-headed hydra
  8877 | D:10     | Killed an eight-headed hydra
  8878 | D:10     | Reached skill level 14 in Maces & Flails
  8878 | D:10     | Reached XP level 11. HP: 54/90 MP: 10/10
  9129 | D:10     | Found a staircase to the Lair.
  9502 | D:10     | Reached *** piety under Hepliaklqana
  9996 | D:11     | Noticed a two-headed ogre
 10003 | D:11     | Killed a two-headed ogre
 10004 | D:11     | Reached skill level 10 in Armour
 10056 | D:11     | Noticed Harold
 10075 | D:11     | Killed Harold
 10209 | D:11     | Found Etad's Assorted Antiques.
 10217 | D:11     | Bought a scroll labelled FIXEUN ZAMOELU for 29 gold pieces
 10499 | D:12     | Reached skill level 10 in Dodging
 10542 | D:12     | Found a frozen archway.
 10557 | D:12     | Reached skill level 15 in Maces & Flails
 10576 | IceCv    | Entered an ice cave
 10967 | IceCv    | Noticed a death yak
 10983 | IceCv    | Killed a death yak
 10989 | IceCv    | Reached XP level 12. HP: 52/99 MP: 11/11
 11326 | IceCv    | Reached skill level 16 in Maces & Flails
 12072 | IceCv    | Noticed a death yak
 12072 | IceCv    | Noticed a frost giant
 12072 | IceCv    | Noticed a death yak
 12085 | IceCv    | Mangled by a death yak

Illustrated notes

Levels and vault maps discovered:
D:1:      dpeg_arrival_three_same_balls, layout_loops_ring
D:2:      layout_loops_corners
D:3:      layout_loops_ring, ashenzari_altar_1, xom_confusion_cloud,
          tso_oasis_becter
D:4:      layout_basic, nicolae_overflow_hidden_temple,
          mainiacjoe_overflow_concentric_impassable, overflow_temple_1_default,
          gup_ossuary_entry_pyramid, minmay_vboxes, uniq_blork_the_orc
D:5:      layout_loops_ring, grunt_dithmenos_smoke_and_mirrors,
          vehumet_crystals, serial_shops, shop, kennysheep_generic_room_12
D:6:      layout_rooms, minmay_temple_entry_nine_rooms, st_stairs_14,
          minmay_joined_circles
D:7:      layout_rooms, grunt_tough_drop
D:8:      layout_layer_cave, chequers_temple_overflow_statue_of_worship
D:9:      layout_basic, david_orc_2, corexii_leaking_fountain, corner_web_ring,
          uniq_pikel
D:10:     layout_loops_cross, dpeg_oklobed_lair, grunt_ministairs_13
D:11:     layout_basic, serial_shops, kennysheep_mini, uniq_harold
D:12:     layout_irregular_city, portal_ice_cave_demonic_guard, uniq_rupert
Temple:   eino_temple_lava
IceCv:    ice_cave_caverns_01

Skill      XL: |  1  2  3  4  5  6  7  8  9 10 11 12 |
---------------+-------------------------------------+-----
Maces & Flails | 4 5 6 7 8 10 12 14 15 16 | 16.3
Armour         | 1 2 3 4 5 6 8 9 11 | 11.4
Fighting       | 4 5 6 7 9 10 11 12 | 12.0
Dodging        | 6 8 11 | 11.9
Stealth        | |  1.5

Action                   |  1- 3 |  4- 6 |  7- 9 | 10-12 || total
-------------------------+-------+-------+-------+-------++-------
Melee: Mace              |    73 |   184 |    50 |       ||   307
       Headbutt          |    11 |    41 |    60 |   136 ||   248
       Punch             |       |     4 |     2 |     6 ||    12
       Flail             |       |       |   182 |   542 ||   724
Invok: Ancestor Life: He |       |       |     1 |       ||     1
       Ancestor Identity |       |       |     1 |       ||     1
Evoke: Wand              |       |       |       |     2 ||     2
  Use: Scroll            |     1 |     7 |    10 |     5 ||    23
       Potion            |       |       |       |     5 ||     5
 Stab: Sleeping          |     3 |     1 |       |       ||     4
       Confused          |     1 |       |       |    11 ||    12
       Distracted        |       |     1 |       |     3 ||     4
Armor: Robe              |     9 |     3 |       |       ||    12
       Plate armour      |       |    32 |   131 |   265 ||   428
Dodge: Dodged            |    53 |   130 |   134 |   318 ||   635

Table legend: (Time is in decaauts)
 A = Elapsed time spent in this place.
 B = Non-inter-level travel time spent in this place.
 C = Inter-level travel time spent in this place.
 D = Time resting spent in this place.
 E = Time spent auto-exploring this place.
 F = Levels seen in this place.
 G = Mean time per level.
                   A        B        C        D        E       F      G
               +--------+--------+--------+--------+--------+-----+--------+
         Total |  11947 |  11593 |    354 |   1449 |   7646 |  15 |  796.5 |
       Dungeon |  10038 |   9691 |    347 |    833 |   7038 |  12 |  836.5 |
        Temple |     78 |     71 |      7 |      0 |     67 |   1 |   78.0 |
       Ossuary |    385 |    385 |      0 |     94 |     92 |   1 |  385.0 |
      Ice Cave |   1444 |   1444 |      0 |    522 |    449 |   1 | 1444.0 |
               +--------+--------+--------+--------+--------+-----+--------+

Top non-repeatable levels by time:
   IceCv: 1444 daAuts
     D:5: 1168 daAuts
     D:4: 1139 daAuts
     D:9: 1030 daAuts
     D:6: 1004 daAuts
     D:8: 872 daAuts
    D:10: 872 daAuts
    D:11: 862 daAuts
     D:2: 860 daAuts
     D:3: 814 daAuts
     D:1: 716 daAuts
     D:7: 624 daAuts
 Ossuary: 385 daAuts
  Temple: 78 daAuts
    D:12: 72 daAuts
